 Dungeon Crawl Stone Soup version 0.19.0 (webtiles) character file.

127 Buncs the Skirmisher (level 5, 0/42 HPs)
             Began as a Human Berserker on Nov 8, 2016.
             Was a Believer of Trog.
             Succumbed to an adder's poison
             ... on level 3 of the Dungeon.
             The game lasted 00:17:13 (1998 turns).

Buncs the Skirmisher (Human Berserker)              Turns: 1998, Time: 00:17:14

Health: 0/42       AC:  2    Str: 18    XL:     5   Next: 33%
Magic:  5/5        EV: 13    Int:  8    God:    Trog [**....]
Gold:   56         SH:  0    Dex: 12    Spells: 0 memorised, 4 levels left

rFire  . . .     SeeInvis .     a - +1 spear
rCold  . . .     Gourm    .     b - +0 animal skin
rNeg   . . .     Faith    .     (no shield)
rPois  .         Spirit   .     (no helmet)
rElec  .         Reflect  .     (no cloak)
rCorr  .         Harm     .     (no gloves)
MR     .....                    (no boots)
Stlth  ++........               (no amulet)
                                (no ring)
                                (no ring)

@: lethally poisoned (0 -> -6)
A: no striking features
a: Berserk, Trog's Hand, Burn Spellbooks, Renounce Religion


You were on level 3 of the Dungeon.
You worshipped Trog.
Trog was pleased with you.
You were not hungry.

You visited 1 branch of the dungeon, and saw 3 of its levels.

You collected 56 gold pieces.

Inventory:

Hand Weapons
 a - a +1 spear (weapon)
 e - a +0 hunting sling
 f - a +0 hunting sling
 j - a -1 dagger
Missiles
 d - 8 poisoned needles
 g - 33 arrows
 m - 47 sling bullets
 n - 57 stones (quivered)
Armour
 b - a +0 animal skin (worn)
 i - a +0 leather armour
 o - a +0 chain mail
 q - a +0 plate armour
Scrolls
 h - 2 scrolls of magic mapping {unknown}
 s - a scroll of identify
 t - a scroll of enchant weapon
Potions
 l - a potion of agility
 p - a potion of haste {unknown}
 r - a potion of might {unknown}
Comestibles
 c - a slice of pizza
 k - 3 meat rations


   Skills:
 + Level 4.2 Fighting
 + Level 4.0 Polearms
 + Level 0.2 Slings
 + Level 2.0 Armour
 + Level 2.7 Dodging
 + Level 0.9 Stealth


You had 4 spell levels left.
You didn't know any spells.

Dungeon Overview and Level Annotations

Branches:
Dungeon (3/15)

Altars:
Trog


Message History

You feel sick. The adder bites you.
You are more poisoned.
The adder poisons you!
You hit the adder but do no damage.
The adder is severely wounded.
You feel sick. The adder bites you. The dart slug bites you.
* * * LOW HITPOINT WARNING * * *
You barely miss the adder.
The adder is severely wounded.
The adder bites you.
* * * LOW HITPOINT WARNING * * *
The dart slug barely misses you.
You miss the adder.
The adder is severely wounded.
* * * LOW HITPOINT WARNING * * *
You feel sick. The adder misses you. The adder bites you.
* * * LOW HITPOINT WARNING * * *
You closely miss the adder.
The adder is severely wounded.
You die...

##...#.####..# #
.............#.#
..........<..#.#
.######..†......#
....###≈.#≈.....#
.....#≈≈≈≈≈#.#..##
#.≈≈≈≈≈#≈≈≈#≈....
.#≈#w≈≈w..≈≈≈≈≈#.#.
#.≈≈≈≈≈@.≈.≈≈≈≈.##
#≈≈≈≈≈≈S)≈≈≈≈≈≈≈#
≈≈≈≈#≈≈≈.≈≈#≈≈≈≈≈#
≈≈≈≈≈≈≈.$.≈≈≈≈≈≈≈#
.≈≈≈≈≈≈.<)≈≈≈≈≈≈...
≈≈≈≈≈≈≈...≈≈≈≈≈≈≈..
≈≈≈≈≈≈≈≈.#≈≈≈≈≈≈≈.
#≈≈≈≈≈≈#88≈≈≈≈≈≈


You could see an adder and 2 dart slugs.

Vanquished Creatures
  Terence (D:2)
  4 adders (D:2)
  6 dart slugs
  2 leopard geckos
  A ball python (D:3)
  4 bats (D:1)
  3 giant cockroaches (D:1)
  8 goblins
  2 hobgoblins
  3 jackals (D:2)
  6 kobolds
  2 frilled lizards (D:1)
  7 rats
49 creatures vanquished.

Notes
Turn   | Place    | Note
-------+----------+-------------------------------------------
     0 | D:1      | Buncs the Human Berserker began the quest for the Orb.
     0 | D:1      | Reached XP level 1. HP: 18/18 MP: 1/1
   103 | D:1      | Reached XP level 2. HP: 8/24 MP: 2/2
   447 | D:1      | Reached XP level 3. HP: 15/30 MP: 3/3
   840 | D:1      | Reached ** piety under Trog
  1169 | D:2      | Reached XP level 4. HP: 37/37 MP: 4/4
  1210 | D:2      | Noticed Terence
  1231 | D:2      | Killed Terence
  1432 | D:2      | Found a bloodstained altar of Trog.
  1694 | D:2      | Reached XP level 5. HP: 28/42 MP: 5/5
  1997 | D:3      | HP: 1/42 [adder (4)]
  1998 | D:3      | Succumbed to an adder's poison

Skill      XL: |  1  2  3  4  5 |
---------------+----------------+-----
Fighting       | 4 |  4.2
Polearms       | 4 |  4.0
Slings         | |  0.2
Armour         | |  2.0
Dodging        | |  2.7
Stealth        | |  0.9

Action                   |  1- 3 |  4- 6 || total
-------------------------+-------+-------++-------
Melee: Spear             |   115 |    92 ||   207
 Fire: Hunting sling     |       |     2 ||     2
  Use: Scroll            |     2 |     3 ||     5
       Potion            |     1 |     1 ||     2
 Stab: Sleeping          |     1 |       ||     1
  Eat: Bread ration      |     1 |       ||     1
Armor: Animal skin       |    17 |     8 ||    25
Dodge: Dodged            |    70 |    59 ||   129
